 Dungeon Crawl Stone Soup version 0.23.2-40-g277498a001 (webtiles) character file.

Game seed: 15360982701885572626

95 Descartes the Gusty (level 4, -10/24 HPs)
             Began as a Tengu Air Elementalist on Aug 30, 2019.
             Killed by divine providence
             ... invoked by an orc priest
              (15 damage)
             ... on level 3 of the Dungeon.
             The game lasted 00:07:58 (2100 turns).

Descartes the Gusty (Tengu Air Elementalist)        Turns: 2100, Time: 00:07:59

Health: -10/24     AC:  3    Str:  8    XL:     4   Next: 65%
Magic:  2/8        EV: 12    Int: 17    God:
Gold:   106        SH:  0    Dex: 14    Spells: 3/8 levels left

rFire    . . .     SeeInvis +   j - +0 short sword
rCold    . . .     Gourm    .   (no shield)
rNeg     + . .     Faith    .   i - +0 leather armour
rPois    .         Spirit   .   (helmet restricted)
rElec    .         Reflect  .   (no cloak)
rCorr    .         Harm     .   (no gloves)
MR       .....                  (boots unavailable)
Stlth    ++........             (no amulet)
HPRegen  0.08/turn              o - ring of see invisible
MPRegen  0.11/turn              s - ring of positive energy

@: no status effects
A: beak, talons 3
a: no special abilities


You were on level 3 of the Dungeon.
You were not hungry.

You visited 1 branch of the dungeon, and saw 3 of its levels.

You collected 106 gold pieces.

Inventory:

Hand Weapons
 e - a +0 dagger
 j - a +0 short sword (weapon)
Missiles
 b - 118 stones (quivered)
Armour
 a - a +0 robe
 i - a +0 leather armour (worn)
Jewellery
 o - a ring of see invisible (left hand)
 s - a ring of positive energy (right hand)
Scrolls
 d - a scroll of immolation {unknown}
 f - 2 scrolls of noise {unknown}
 k - 2 scrolls of teleportation {unknown}
 m - a scroll of fog {unknown}
 p - a scroll of amnesia {unknown}
 q - 3 scrolls of magic mapping {unknown}
 r - 2 scrolls of remove curse {unknown}
Potions
 g - a potion of curing {unknown}
 h - a potion of berserk rage {unknown}
 n - a potion of cancellation {unknown}
Comestibles
 c - 3 rations
 l - 5 chunks of flesh


   Skills:
 + Level 0.9 Fighting
 + Level 1.0 Armour
 + Level 2.7 Dodging
 + Level 2.4 Stealth
 * Level 2.5 Spellcasting
 * Level 2.8 Conjurations
 * Level 4.7 Air Magic


You had 3 spell levels left.
You knew the following spells:

 Your Spells              Type           Power        Failure   Level  Hunger
a - Shock                 Conj/Air       ##..         5%          1    #......
b - Airstrike             Air            ###.......   36%         4    #####..

Your spell library contained the following spells:

 Spells                   Type           Power        Failure   Level  Hunger
 Swiftness                Chrm/Air       ##......     16%         2    ##.....
 Static Discharge         Conj/Air       ##......     17%         3    ###....
 Lightning Bolt           Conj/Air       ##........   83%         5    ######.


Dungeon Overview and Level Annotations

Branches:
Dungeon (3/15)

Altars:


Innate Abilities, Weirdness & Mutations

You have a beak for a mouth.
You have claws for feet.


Message History

Casting: Shock (safe; 5% risk of failure)
Confirm with . or Enter, or press ? or * to list all spells.
Aiming: Shock (safe; 5% risk of failure)
Press: ? - help, Shift-Dir - straight line, f/p - orc priest
Aim: an orc priest (lightly wounded)
The zap hits the orc priest but does no damage.
The orc priest is almost dead.
The zap hits the bullfrog.
The bullfrog is moderately wounded.
The zap hits the orc priest.
The orc priest is heavily wounded.
The orc priest mumbles some strange prayers to Beogh against you.
Beogh smites you!
* * * LOW HITPOINT WARNING * * *
The orc priest begins to cast a cantrip, but forgets the words!
The orc priest looks satisfied for a moment.
The orc priest calls down the wrath of Beogh upon you.
Beogh smites you!
Ouch! That really hurt!
You die...

รท#..## ##..# #..#
.#..## ##.###.##
.#...# #.##..#
...#.# #....##
.###.# ###..# .#
.. #..# ## ##.
#..# . #..# .#
#.@# ..
##..######### ...
#..F.......^# .##
.####.#.........#
......#.........#
........ro......#
..#.####.........#
# #. #.........# .
#.........#


You could see a bullfrog, an orc priest and a quokka.

Vanquished Creatures
  A gnoll (D:1)
  An adder (D:2)
  2 oozes
  A worm (D:2)
  A dart slug (D:2)
  5 orcs
  5 bats
  3 giant cockroaches
  3 goblins
  8 hobgoblins
  5 jackals (D:2)
  8 kobolds
  8 frilled lizards
  6 rats
57 creatures vanquished.

Notes
Turn   | Place    | Note
-------+----------+-------------------------------------------
     0 | D:1      | Descartes the Tengu Air Elementalist began the quest for
                  | the Orb.
     0 | D:1      | Reached XP level 1. HP: 10/10 MP: 4/4
   214 | D:1      | Reached XP level 2. HP: 15/15 MP: 1/6
   677 | D:1      | Reached XP level 3. HP: 20/20 MP: 5/7
  1454 | D:2      | Reached XP level 4. HP: 24/24 MP: 4/8
  1761 | D:2      | Learned a level 4 spell: Airstrike
  1771 | D:3      | Reached skill level 1 in Armour
  2084 | D:3      | Noticed a bullfrog
  2100 | D:3      | Killed from afar by an orc priest

Skill      XL: |  1  2  3  4 |
---------------+-------------+-----
Conjurations   | 2 |  2.8
Armour         | 1 |  1.0
Fighting       | |  0.9
Dodging        | |  2.7
Stealth        | |  2.4
Spellcasting   | |  2.5
Air Magic      | |  4.7

Action                   |  1- 3 |  4- 6 || total
-------------------------+-------+-------++-------
Melee: Short sword       |     3 |     2 ||     5
       Kick              |       |     1 ||     1
 Cast: Shock             |    55 |    46 ||   101
  Eat: Chunk             |     2 |     3 ||     5
Armor: Leather armour    |     1 |     2 ||     3
Dodge: Dodged            |    12 |     9 ||    21
